 Dungeon Crawl Stone Soup version 0.22-a0-433-gd2a9cce (webtiles) character file.

42 iamserjio the Changer (level 3, -1/18 HPs)
             Began as a Spriggan Wanderer on May 28, 2018.
             Slain by a hound (5 damage)
             ... on level 2 of the Dungeon.
             The game lasted 00:09:47 (4532 turns).

iamserjio the Changer (Spriggan Wanderer)           Turns: 4532, Time: 00:09:48

Health: -1/18      AC:  3    Str: 10    XL:     3   Next: 35%
Magic:  6/8        EV: 16    Int: 13    God:
Gold:   89         SH:  0    Dex: 14    Spells: 7/8 levels left

rFire    . . .     SeeInvis +   n - +0 short sword
rCold    . . .     Gourm    .   (shield restricted)
rNeg     . . .     Faith    .   d - +0 robe
rPois    .         Spirit   .   (helmet restricted)
rElec    .         Reflect  .   j - +0 cloak
rCorr    .         Harm     .   (gloves unavailable)
MR       .....                  (boots unavailable)
Stlth    ++........             (no amulet)
HPRegen  0.06/turn              (no ring)
MPRegen  0.11/turn              (no ring)

@: very quick
A: very small, unfitting armour, see invisible, herbivore, speed 3, slow
metabolism 2
a: no special abilities


You were on level 2 of the Dungeon.
You were hungry.

You visited 1 branch of the dungeon, and saw 2 of its levels.

You collected 89 gold pieces.

Inventory:

Hand Weapons
 e - a +0 dagger
 m - a +0 hunting sling
 n - a +0 short sword (weapon)
Missiles
 i - 66 stones (quivered)
Armour
 d - a +0 robe (worn)
 j - a +0 cloak (worn)
Wands
 a - a wand of enslavement (15)
Scrolls
 b - a scroll of identify {unknown}
 g - a scroll of teleportation
 h - a scroll of amnesia {unknown}
 k - a scroll of fog {unknown}
 l - a scroll of enchant armour {unknown}
 o - a scroll of noise {unknown}
 r - a scroll of magic mapping {unknown}
Potions
 c - 3 potions of curing
 p - a potion of ambrosia {unknown}
 q - a potion of haste {unknown}
Comestibles
 f - 2 rations


   Skills:
 + Level 1.1 Fighting
 + Level 0.6 Short Blades
 * Level 0.2 Slings
 + Level 1.4 Dodging
 + Level 2.3 Stealth
 - Level 3.0 Spellcasting
 - Level 1.0 Necromancy
   Level 5.3 Transmutations
   Level 2.0 Poison Magic
 - Level 1.3 Evocations


You had 7 spell levels left.
You knew the following spells:

 Your Spells              Type           Power        Failure   Level  Hunger
a - Pain                  Necr           #...         16%         1    #......

Your spell library contained the following spells:

 Spells                   Type           Power        Failure   Level  Hunger
 Vampiric Draining        Necr           #.........   41%         3    ###....


Dungeon Overview and Level Annotations

Branches:
Dungeon (2/15)

Altars:
Makhleb


Innate Abilities, Weirdness & Mutations

You are very small and have problems with some larger weapons.
You are too small for most types of armour.
You have supernaturally acute eyesight. (SInv)
You are a herbivore.
You cover ground extremely quickly.
You need to consume almost no food.


Message History

The hound bites you.
* * * LOW HITPOINT WARNING * * *
The hound completely misses you.
You hit the hound.
The hound is almost dead.
The hound misses you. x2
Casting: Pain (safe; 16% risk of failure)
Confirm with . or Enter, or press ? or * to list all spells.
Aiming: Pain (safe; 16% risk of failure)
Press: ? - help, Shift-Dir - straight line, f/p - hound
Aim: a hound (almost dead, chance to defeat MR: 53%)
The hound resists with significant effort.
The hound bites you but does no damage.
Casting: Pain (safe; 16% risk of failure)
Confirm with . or Enter, or press ? or * to list all spells.
Aiming: Pain (safe; 16% risk of failure)
Press: ? - help, Shift-Dir - straight line, f/p - hound
Aim: a hound (almost dead, chance to defeat MR: 53%)
The hound writhes in agony!
The hound bites you.
You die...

#.#.##.####.#####...#.#
#.#...........###.###.#
#.###########.#.....#)#
.....# ####.#.....#.#
#.##.# #............#
#.##.####.#.#.#.....#(#
#........###..........#
####.####.#.#.###.###.#
#....((.(......h@.....##
.....#####.............#
###### #......#.##...#
#..###.#.##...#
#..##.......(.#
##.##.)(###.#.# #..#...#
#.#.# #.##.(.# ....#
#.#(._. ##.#.#


You could see a hound.

Vanquished Creatures
  A dart slug (D:1)
  4 bats
  2 giant cockroaches
  9 goblins
  8 hobgoblins
  4 kobolds
  A quokka (D:1)
  A ball python (D:1)
  3 frilled lizards (D:1)
  2 rats (D:1)
35 creatures vanquished.

Notes
Turn   | Place    | Note
-------+----------+-------------------------------------------
     0 | D:1      | iamserjio the Spriggan Wanderer began the quest for the Orb.
     0 | D:1      | iamserjio set off with: a wand of enslavement (15), a potion of curing, a +0 robe, a +0 dagger, a ration
     0 | D:1      | Reached XP level 1. HP: 9/9 MP: 5/5
     3 | D:1      | Learned a level 1 spell: Pain
   608 | D:1      | Reached XP level 2. HP: 14/14 MP: 6/6
  1515 | D:1      | Reached skill level 1 in Dodging
  2370 | D:1      | Reached skill level 1 in Fighting
  2666 | D:1      | Reached XP level 3. HP: 16/18 MP: 2/8
  3013 | D:2      | Reached skill level 1 in Necromancy
  3698 | D:2      | Found a burning altar of Makhleb.
  4532 | D:2      | Slain by a hound

Vault maps used:
D:1:      eino_arrival_cavern_e
D:2:      makhleb_heckhound_becter, nicolae_overflow_hidden_temple

Skill      XL: |  1  2  3 |
---------------+----------+-----
Stealth        | 2 |  2.3
Dodging        | 1 |  1.4
Fighting       | 1 |  1.1
Necromancy     | 1 |  1.0
Spellcasting   | 3 |  3.0
Short Blades   | |  0.6
Slings         | |  0.2
Transmutations | |  5.3
Poison Magic   | |  2.0
Evocations     | |  1.3

Action                   || total
-------------------------++-------
Melee: Dagger            ||    51
       Short sword       ||    12
 Fire: Hunting sling     ||    37
 Cast: Pain              ||    71
  Use: Scroll            ||     1
 Stab: Sleeping          ||     2
  Eat: Ration            ||     1
Armor: Robe              ||    12
Dodge: Dodged            ||   105

Table legend:
 A = Spawn XP
 B = Non-spawn XP
 C = Spawn XP percentage of total XP
 D = Spawn monster count
 E = Non-spawn monster count
 F = Spawn count percentage of total count
 G = Total turns spent on level
                    A         B        C        D         E        F      G
               +---------+---------+-------+---------+---------+-------+---------
         Total |       0 |      61 |   0.0 |       0 |      35 |   0.0 |  4532
               +---------+---------+-------+---------+---------+-------+---------
           D:1 |       0 |      43 |   0.0 |       0 |      24 |   0.0 |  3890
           D:2 |       0 |      18 |   0.0 |       0 |      11 |   0.0 |   642
               +---------+---------+-------+---------+---------+-------+---------
